[Event "39th Olympiad Khanty-Mansiysk 2010"]
[Site "Khanty-Mansiysk/Russia"]
[Date "2010.09.21"]
[Round "1"]
[White "Perez, Eneida"]
[Black "Abrahamyan, Tatev"]
[Result "0-1"]
[WhiteElo "2099"]
[BlackElo "2352"]
[PlyCount "72"]
[EventDate "2010.??.??"]
[WhiteTeam "Dominican Republic"]
[BlackTeam "United States"]
[WhiteTeamCountry "DOM"]
[BlackTeamCountry "USA"]
[TimeControl "40/5400+30:1800+30"]

1. d4 Nf6 2. e3 g6 3. c3 Bg7 4. f4 O-O 5. Nf3 d6 6. Bc4 Nc6 7. O-O Bg4 8. d5
Na5 9. Be2 c5 10. c4 e6 11. Nc3 exd5 12. cxd5 Re8 13. Ng5 Bxe2 14. Qxe2 h6 15.
Nh3 a6 16. Qf3 b5 17. Nf2 Qe7 18. Ng4 Nxg4 19. Qxg4 b4 20. Nd1 Qe4 21. Qf3 Nc4
22. Qxe4 Rxe4 23. Rb1 Ree8 24. b3 Nb6 25. Nf2 Nxd5 26. Rd1 Nc3 27. Bd2 Nxb1 28.
Rxb1 a5 29. Rd1 a4 30. Bc1 axb3 31. axb3 Ra1 32. Kf1 Rb1 33. Ke2 Rxb3 34. Rxd6
Rb1 35. Bd2 b3 36. Rc6 b2 0-1

[Event "39th Olympiad Khanty-Mansiysk 2010"]
[Site "Khanty-Mansiysk/Russia"]
[Date "2010.09.21"]
[Round "1"]
[White "Abdulwahab, Marwan"]
[Black "Babula, Vlastimil"]
[Result "0-1"]
[WhiteElo "2089"]
[BlackElo "2515"]
[PlyCount "66"]
[EventDate "2010.??.??"]
[WhiteTeam "United Arab Emirates"]
[BlackTeam "Czech Republic"]
[WhiteTeamCountry "UAE"]
[BlackTeamCountry "CZE"]
[TimeControl "40/5400+30:1800+30"]

1. e4 c5 2. Nc3 Nc6 3. g3 g6 4. Bg2 Bg7 5. d3 d6 6. f4 f5 7. Nf3 Nf6 8. h3 O-O
9. O-O Kh8 10. Kh2 Be6 11. Ng5 Bg8 12. Be3 Qd7 13. Qd2 Rab8 14. Rae1 b5 15. e5
dxe5 16. fxe5 Nh5 17. Bf4 Nd4 18. Nf3 Rbc8 19. Ne2 Rfd8 20. Nc1 a5 21. Rf2 Nxf4
22. gxf4 b4 23. h4 Ne6 24. b3 Bh6 25. Ng5 c4 26. bxc4 Rxc4 27. Nb3 Rc3 28. a4
Nd4 29. Nxd4 Qxd4 30. e6 Rdc8 31. Re5 Rxc2 32. Qxc2 Rxc2 33. Rxc2 Qxf4+ 0-1

[Event "39th Olympiad Khanty-Mansiysk 2010"]
[Site "Khanty-Mansiysk/Russia"]
[Date "2010.09.21"]
[Round "1"]
[White "Partac, Elena"]
[Black "Gonzalez, Yaribeth"]
[Result "1-0"]
[WhiteElo "2087"]
[BlackElo "1906"]
[PlyCount "71"]
[EventDate "2010.??.??"]
[WhiteTeam "Moldova"]
[BlackTeam "Panama"]
[WhiteTeamCountry "MDA"]
[BlackTeamCountry "PAN"]
[TimeControl "40/5400+30:1800+30"]

1. e4 e5 2. Nf3 Nc6 3. Bb5 d6 4. d4 exd4 5. Qxd4 Bd7 6. Bxc6 Bxc6 7. Nc3 Nf6 8.
Bg5 Be7 9. O-O-O Nh5 10. Bxe7 Qxe7 11. Nd5 Bxd5 12. exd5 O-O 13. g4 Nf6 14.
Rhe1 Qd7 15. h3 c5 16. dxc6 Qxc6 17. Nh4 Rac8 18. c3 Qa6 19. Kb1 Qc4 20. Nf5
Qxd4 21. Rxd4 Rce8 22. Rxe8 Rxe8 23. Nxd6 Re1+ 24. Kc2 Re2+ 25. Kb3 h6 26. Nxb7
Ne4 27. Nd6 Nd2+ 28. Ka4 Rxf2 29. a3 Nb1 30. Kb3 Nd2+ 31. Ka2 Rh2 32. Rd3 Rg2
33. c4 Nf1 34. c5 Rc2 35. Rc3 Rd2 36. c6 1-0

[Event "39th Olympiad Khanty-Mansiysk 2010"]
[Site "Khanty-Mansiysk/Russia"]
[Date "2010.09.21"]
[Round "1"]
[White "Vargas, Gabriela"]
[Black "Golubenko, Valentina"]
[Result "0-1"]
[WhiteElo "2085"]
[BlackElo "2278"]
[PlyCount "50"]
[EventDate "2010.??.??"]
[WhiteTeam "Paraguay"]
[BlackTeam "Croatia"]
[WhiteTeamCountry "PAR"]
[BlackTeamCountry "CRO"]
[TimeControl "40/5400+30:1800+30"]

1. d4 Nf6 2. Bg5 e6 3. Nf3 Be7 4. Nbd2 c5 5. e3 O-O 6. Bd3 d5 7. c3 h6 8. Bh4
Nc6 9. O-O c4 10. Bc2 b5 11. Ne5 Nxe5 12. dxe5 Nd7 13. Bxe7 Qxe7 14. f4 Qc5 15.
Qe2 b4 16. cxb4 Qxb4 17. Nf3 Nc5 18. Qd2 Qxd2 19. Nxd2 Ba6 20. Rfc1 Rab8 21.
Rab1 Rb4 22. a3 Rb6 23. b4 cxb3 24. Nxb3 Nxb3 25. Rxb3 Rc8 0-1

[Event "39th Olympiad Khanty-Mansiysk 2010"]
[Site "Khanty-Mansiysk/Russia"]
[Date "2010.09.21"]
[Round "1"]
[White "Samaganova, Alexandra"]
[Black "Klinova, Masha"]
[Result "0-1"]
[WhiteElo "2080"]
[BlackElo "2303"]
[PlyCount "67"]
[EventDate "2010.??.??"]
[WhiteTeam "Kyrgyzstan"]
[BlackTeam "Israel"]
[WhiteTeamCountry "KGZ"]
[BlackTeamCountry "ISR"]
[TimeControl "40/5400+30:1800+30"]

1. c4 e5 2. e3 Nc6 3. a3 g6 4. Qc2 Bg7 5. Nf3 a5 6. Nc3 d6 7. Be2 f5 8. d3 Nf6
9. Rb1 O-O 10. b4 axb4 11. axb4 h6 12. b5 Ne7 13. Nd2 g5 14. Nb3 f4 15. exf4
gxf4 16. Bf3 Ng6 17. Nd5 Nh4 18. Qe2 Nxf3+ 19. Qxf3 Kh8 20. Nxf6 Qxf6 21. Nd2
Qg6 22. h3 Bf5 23. Rb3 c6 24. O-O d5 25. Re1 Rad8 26. bxc6 bxc6 27. cxd5 cxd5
28. Ba3 Rfe8 29. Bb2 Rd7 30. Kh1 Kh7 31. Rc1 Rg8 32. Rg1 h5 33. Kh2 Bg4 34.
hxg4 0-1

[Event "39th Olympiad Khanty-Mansiysk 2010"]
[Site "Khanty-Mansiysk/Russia"]
[Date "2010.09.21"]
[Round "1"]
[White "Mukabi, John"]
[Black "Kopylov, Alexander A"]
[Result "0-1"]
[WhiteElo "2074"]
[BlackElo "2438"]
[PlyCount "64"]
[EventDate "2010.??.??"]
[WhiteTeam "Kenya"]
[BlackTeam "RU5"]
[WhiteTeamCountry "KEN"]
[TimeControl "40/5400+30:1800+30"]

1. e4 c5 2. Nc3 a6 3. a4 e6 4. f4 d5 5. e5 Nc6 6. Nf3 Nh6 7. Be2 Nf5 8. O-O Be7
9. d3 O-O 10. g4 Nfd4 11. Bd2 Bd7 12. Rf2 b5 13. Bf1 f6 14. Nxd4 Nxd4 15. exf6
Bxf6 16. g5 Be7 17. a5 b4 18. Ne2 Nc6 19. Ng3 Nxa5 20. Bh3 Nc6 21. c3 Re8 22.
Qh5 g6 23. Qf3 a5 24. Re2 Bf8 25. Rae1 a4 26. Bxe6+ Bxe6 27. Rxe6 Rxe6 28. Rxe6
a3 29. bxa3 bxa3 30. Re1 Na5 31. Qf1 a2 32. c4 Bg7 0-1

[Event "39th Olympiad Khanty-Mansiysk 2010"]
[Site "Khanty-Mansiysk/Russia"]
[Date "2010.09.21"]
[Round "1"]
[White "Nakapunda, Otto"]
[Black "Rama, Lorenc"]
[Result "0-1"]
[WhiteElo "2073"]
[BlackElo "2276"]
[PlyCount "62"]
[EventDate "2010.??.??"]
[WhiteTeam "Namibia"]
[BlackTeam "Albania"]
[WhiteTeamCountry "NAM"]
[BlackTeamCountry "ALB"]
[TimeControl "40/5400+30:1800+30"]

1. d4 Nf6 2. c4 e6 3. Nf3 Bb4+ 4. Bd2 Qe7 5. Nc3 O-O 6. e3 b6 7. Bd3 Bb7 8. O-O
d6 9. Re1 Bxc3 10. Bxc3 Ne4 11. Rc1 f5 12. b4 Nxc3 13. Rxc3 c5 14. bxc5 dxc5
15. Qe2 Nc6 16. Bc2 Rad8 17. Rd1 Qf6 18. Rcd3 Nb4 19. Ra3 Bxf3 20. gxf3 Nxc2
21. Qxc2 cxd4 22. exd4 Rxd4 23. Rxd4 Qxd4 24. Rxa7 Rc8 25. Re7 Qd6 26. Rb7 Qc6
27. Ra7 Qxf3 28. Qd2 Qg4+ 29. Kh1 Qxc4 30. Qg5 g6 31. Qh6 Qf1# 0-1

[Event "39th Olympiad Khanty-Mansiysk 2010"]
[Site "Khanty-Mansiysk/Russia"]
[Date "2010.09.21"]
[Round "1"]
[White "Bhatia, Kanwal K"]
[Black "Wakabayashi, Hisako"]
[Result "1-0"]
[WhiteElo "2072"]
[BlackElo "1493"]
[PlyCount "59"]
[EventDate "2010.??.??"]
[WhiteTeam "England"]
[BlackTeam "Japan"]
[WhiteTeamCountry "ENG"]
[BlackTeamCountry "JPN"]
[TimeControl "40/5400+30:1800+30"]

1. e4 d6 2. d4 g6 3. Nc3 Bg7 4. Bg5 f6 5. Be3 c6 6. Qd2 b5 7. d5 a6 8. dxc6
Nxc6 9. Nd5 Rb8 10. Nf3 e6 11. Nf4 Nge7 12. Rd1 d5 13. exd5 exd5 14. Bc5 O-O
15. Nxd5 Re8 16. Nxe7+ Rxe7+ 17. Bxe7 Qxe7+ 18. Be2 Bb7 19. O-O Rd8 20. Qe1 Re8
21. Bd3 Qf7 22. Qd2 Qxa2 23. Rfe1 Qf7 24. Rxe8+ Qxe8 25. Re1 Qf7 26. Be4 Qf8
27. Qd7 Qc8 28. Bd5+ Kh8 29. Re8+ Bf8 30. Qf7 1-0

[Event "39th Olympiad Khanty-Mansiysk 2010"]
[Site "Khanty-Mansiysk/Russia"]
[Date "2010.09.21"]
[Round "1"]
[White "Yamada, Kohei"]
[Black "Lafuente, Pablo"]
[Result "0-1"]
[WhiteElo "2071"]
[BlackElo "2565"]
[PlyCount "70"]
[EventDate "2010.??.??"]
[WhiteTeam "Japan"]
[BlackTeam "Argentina"]
[WhiteTeamCountry "JPN"]
[BlackTeamCountry "ARG"]
[TimeControl "40/5400+30:1800+30"]

1. e4 c6 2. d4 d5 3. e5 Bf5 4. Nf3 e6 5. Be2 Nd7 6. O-O Bg6 7. Nbd2 Nh6 8. c3
Be7 9. Ne1 O-O 10. Ndf3 c5 11. Nd3 cxd4 12. cxd4 Rc8 13. Bd2 Qb6 14. Rc1 Rxc1
15. Qxc1 Nf5 16. Bc3 Bh5 17. Rd1 Rc8 18. Nde1 f6 19. Qd2 fxe5 20. Nxe5 Bxe2 21.
Qxe2 Nxe5 22. Qxe5 Bf6 23. Qe2 Rc6 24. Nf3 Qa6 25. Qe1 Rc8 26. h3 Re8 27. Ne5
Bxe5 28. Qxe5 Qxa2 29. g4 Nh4 30. Qc7 Qa4 31. Rd3 Qa1+ 32. Kh2 Qf1 33. Qg3 Rf8
34. f4 Rxf4 35. Be1 Nf3+ 0-1

[Event "39th Olympiad Khanty-Mansiysk 2010"]
[Site "Khanty-Mansiysk/Russia"]
[Date "2010.09.21"]
[Round "1"]
[White "Marko, Helmut"]
[Black "Mahjoob, Morteza"]
[Result "*"]
[WhiteElo "2071"]
[BlackElo "2529"]
[PlyCount "42"]
[EventDate "2010.??.??"]
[WhiteTeam "Papua New Guinea"]
[BlackTeam "Iran"]
[WhiteTeamCountry "PNG"]
[BlackTeamCountry "IRI"]
[TimeControl "40/5400+30:1800+30"]

1. d4 g6 2. Nf3 Bg7 3. g3 f5 4. Bg2 Nf6 5. O-O O-O 6. c3 Kh8 7. Qb3 e6 8. h4
Nc6 9. Nbd2 Qe7 10. Nc4 d6 11. Bg5 h6 12. Bxf6 Kg8 13. Qd1 Nxd4 14. cxd4 Kh8
15. Qb3 Qd8 16. Ncd2 Qe7 17. Nc4 Qxf6 18. Qc2 Kg8 19. Qd1 Kh8 20. Qb3 Qe7 21.
Qc2 Qf6 *

[Event "39th Olympiad Khanty-Mansiysk 2010"]
[Site "Khanty-Mansiysk/Russia"]
[Date "2010.09.21"]
[Round "1"]
[White "Cordero, Daniela"]
[Black "Zhukova, Natalia"]
[Result "0-1"]
[WhiteElo "2055"]
[BlackElo "2499"]
[PlyCount "64"]
[EventDate "2010.??.??"]
[WhiteTeam "Bolivia"]
[BlackTeam "Ukraine"]
[WhiteTeamCountry "BOL"]
[BlackTeamCountry "UKR"]
[TimeControl "40/5400+30:1800+30"]

1. d4 Nf6 2. Nf3 e6 3. e3 c5 4. Bd3 d5 5. b3 Nc6 6. O-O Qc7 7. Bb2 cxd4 8. exd4
Nb4 9. Re1 Be7 10. a3 Nxd3 11. Qxd3 O-O 12. Nbd2 b6 13. Ne5 a5 14. c4 Ba6 15.
Rac1 Qb7 16. Qe3 dxc4 17. bxc4 b5 18. c5 Qd5 19. f3 Rac8 20. Qc3 Qd8 21. Nb3 a4
22. Nd2 Nd5 23. Qd3 Bg5 24. Rc2 Qa5 25. Rd1 Ne3 26. Nd7 Nxd1 27. Nxf8 Rxf8 28.
d5 Be3+ 29. Kf1 Bxd2 30. Qxd2 Qxd2 31. Rxd2 Nxb2 32. d6 Nc4 0-1

[Event "39th Olympiad Khanty-Mansiysk 2010"]
[Site "Khanty-Mansiysk/Russia"]
[Date "2010.09.21"]
[Round "1"]
[White "Eichab, Charles Sidney"]
[Black "Mehmeti, Dritan"]
[Result "0-1"]
[WhiteElo "2046"]
[BlackElo "2415"]
[PlyCount "152"]
[EventDate "2010.??.??"]
[WhiteTeam "Namibia"]
[BlackTeam "Albania"]
[WhiteTeamCountry "NAM"]
[BlackTeamCountry "ALB"]
[TimeControl "40/5400+30:1800+30"]

1. Nf3 Nf6 2. b3 c5 3. e3 Nc6 4. Bb2 g6 5. c4 Bg7 6. Be2 O-O 7. O-O d5 8. cxd5
Nxd5 9. Bxg7 Kxg7 10. a3 b6 11. d4 cxd4 12. Nxd4 Bb7 13. Nxc6 Bxc6 14. Ra2 e6
15. Rc2 Bb7 16. Qd4+ Qf6 17. Qxf6+ Kxf6 18. Rfc1 Rac8 19. Bf3 Rxc2 20. Rxc2 Rd8
21. Nd2 Rd7 22. Kf1 Ke7 23. Ke1 h6 24. Ne4 f5 25. Nc3 Nxc3 26. Rxc3 Bxf3 27.
gxf3 Kf6 28. f4 g5 29. fxg5+ hxg5 30. Kf1 Rd1+ 31. Kg2 Ra1 32. b4 Ke5 33. Rd3
g4 34. Rc3 Ke4 35. Rc4+ Kd5 36. Rd4+ Ke5 37. Rd3 b5 38. Rc3 a6 39. Rd3 Rc1 40.
h3 gxh3+ 41. Kxh3 Ke4 42. Rd6 Kf3 43. Kh4 e5 44. Kg5 Ke4 45. f3+ Kxf3 46. Kxf5
e4 47. Rxa6 Kxe3 48. Re6 Rc4 49. Re5 Kf3 50. Rxb5 e3 51. Re5 e2 52. Rxe2 Kxe2
53. Ke5 Kd3 54. Kd5 Rh4 55. b5 Rh5+ 56. Kc6 Kc4 57. b6 Rh6+ 58. Kc7 Kc5 59. b7
Rh7+ 60. Kc8 Kc6 61. b8=N+ Kd6 62. a4 Ra7 63. a5 Rxa5 64. Kb7 Rb5+ 65. Ka7 Kc7
66. Na6+ Kc8 67. Ka8 Rb7 68. Nc5 Rb5 69. Na6 Rb1 70. Ka7 Kd7 71. Nc5+ Kc6 72.
Nd3 Ra1+ 73. Kb8 Ra5 74. Nb4+ Kb6 75. Kc8 Rb5 76. Na2 Rb2 0-1

[Event "39th Olympiad Khanty-Mansiysk 2010"]
[Site "Khanty-Mansiysk/Russia"]
[Date "2010.09.21"]
[Round "1"]
[White "Frank-Nielsen, Marie"]
[Black "Krifa, Nejla"]
[Result "1-0"]
[WhiteElo "2036"]
[BlackElo "1794"]
[PlyCount "83"]
[EventDate "2010.??.??"]
[WhiteTeam "Denmark"]
[BlackTeam "Tunisia"]
[WhiteTeamCountry "DEN"]
[BlackTeamCountry "TUN"]
[TimeControl "40/5400+30:1800+30"]

1. e4 c5 2. c3 Nf6 3. e5 Nd5 4. d4 cxd4 5. Nf3 Nc6 6. cxd4 d6 7. Bc4 Nb6 8. Bb5
e6 9. O-O Bd7 10. Nc3 a6 11. Bd3 Be7 12. a3 Rc8 13. Bd2 Na5 14. exd6 Bxd6 15.
Ne4 Nac4 16. Bxc4 Nxc4 17. b3 Bc6 18. Nxd6+ Nxd6 19. Be3 O-O 20. Rc1 Ne4 21.
Re1 Qd5 22. a4 Rfd8 23. Qd3 Nc5 24. Rxc5 Qxc5 25. Qxh7+ Kxh7 26. dxc5 Bxf3 27.
gxf3 Rd3 28. Rb1 Rcd8 29. Kg2 Kg6 30. f4 Kf5 31. Kf3 R8d5 32. b4 Rd1 33. Rb3
Ra1 34. b5 Rxa4 35. c6 Rd8 36. c7 Rc8 37. b6 Kf6 38. Rd3 Ke7 39. Bc5+ Ke8 40.
Bd4 Rb4 41. Bxg7 Rxb6 42. Bf6 1-0

[Event "39th Olympiad Khanty-Mansiysk 2010"]
[Site "Khanty-Mansiysk/Russia"]
[Date "2010.09.21"]
[Round "1"]
[White "Milligan, Helen"]
[Black "Krivec, Jana"]
[Result "0-1"]
[WhiteElo "2033"]
[BlackElo "2309"]
[PlyCount "110"]
[EventDate "2010.??.??"]
[WhiteTeam "New Zealand"]
[BlackTeam "Slovenia"]
[WhiteTeamCountry "NZL"]
[BlackTeamCountry "SLO"]
[TimeControl "40/5400+30:1800+30"]

1. e4 d6 2. d4 Nf6 3. Nc3 Nbd7 4. Nf3 e5 5. Bc4 Be7 6. O-O O-O 7. Re1 c6 8. a4
b6 9. h3 a6 10. Bb3 Rb8 11. Bg5 b5 12. axb5 axb5 13. Qe2 Bb7 14. Bh4 Nh5 15.
Bxe7 Qxe7 16. dxe5 dxe5 17. Qe3 Nc5 18. Ba2 Nf4 19. Ne2 Nxe2+ 20. Qxe2 Ra8 21.
c3 Rfd8 22. b4 Nd3 23. Red1 Nf4 24. Qc2 c5 25. bxc5 h6 26. Bb3 Rxa1 27. Rxa1
Qxc5 28. Rd1 Rxd1+ 29. Qxd1 Bxe4 30. Qd8+ Qf8 31. Qxf8+ Kxf8 32. Nxe5 Bxg2 33.
Nxf7 Bd5 34. Bxd5 Nxd5 35. Nd8 Nxc3 36. Nc6 Kf7 37. Kg2 Ke6 38. Kf3 Kd5 39. Na5
b4 40. Kf4 Ne4 41. f3 Nd6 42. h4 g6 43. Kg4 Nc4 44. Nb3 Ne5+ 45. Kf4 Nd3+ 46.
Kg4 Kc4 47. Na5+ Kd5 48. Nb3 Ke5 49. Na5 Kf6 50. Nb3 h5+ 51. Kg3 Ke5 52. Na5
Kd4 53. Nb3+ Kc3 54. Na5 b3 55. Nxb3 Kxb3 0-1

[Event "39th Olympiad Khanty-Mansiysk 2010"]
[Site "Khanty-Mansiysk/Russia"]
[Date "2010.09.21"]
[Round "1"]
[White "Kirby, Peter J"]
[Black "Kanep, Meelis"]
[Result "0-1"]
[WhiteElo "2031"]
[BlackElo "2532"]
[PlyCount "46"]
[EventDate "2010.??.??"]
[WhiteTeam "Channel Islands"]
[BlackTeam "Estonia"]
[WhiteTeamCountry "GCI"]
[BlackTeamCountry "EST"]
[TimeControl "40/5400+30:1800+30"]

1. e4 c5 2. Nf3 Nc6 3. Bb5 g6 4. Bxc6 bxc6 5. O-O Bg7 6. Nc3 e5 7. d3 Ne7 8. h3
d6 9. Nh2 O-O 10. f4 exf4 11. Bxf4 h6 12. Qe1 g5 13. Bd2 f5 14. g4 fxg4 15.
hxg4 Rxf1+ 16. Qxf1 Ng6 17. Nd1 d5 18. Bc3 d4 19. Bd2 Be6 20. Qg2 Qd6 21. Nf2
Nh4 22. Qh3 Rf8 23. Rf1 Be5 0-1

[Event "39th Olympiad Khanty-Mansiysk 2010"]
[Site "Khanty-Mansiysk/Russia"]
[Date "2010.09.21"]
[Round "1"]
[White "Luna, Raisa"]
[Black "Gaponenko, Inna"]
[Result "0-1"]
[WhiteElo "2030"]
[BlackElo "2469"]
[PlyCount "78"]
[EventDate "2010.??.??"]
[WhiteTeam "Bolivia"]
[BlackTeam "Ukraine"]
[WhiteTeamCountry "BOL"]
[BlackTeamCountry "UKR"]
[TimeControl "40/5400+30:1800+30"]

1. d4 Nf6 2. c4 g6 3. Nc3 Bg7 4. e4 d6 5. Be2 O-O 6. Bg5 c5 7. d5 h6 8. Be3 a6
9. a4 e6 10. Qd2 exd5 11. cxd5 Re8 12. f3 Kh7 13. g4 Ng8 14. h4 Nd7 15. Kf1 Ne5
16. Nh3 Ne7 17. Nf2 Rb8 18. Kg2 f5 19. h5 fxg4 20. fxg4 g5 21. Rhf1 Ng8 22. Rg1
Nf6 23. Kh2 b5 24. axb5 axb5 25. Rg3 b4 26. Ncd1 Bd7 27. Qc2 Rf8 28. Bd2 Qc8
29. Ne3 Nxh5 30. Nf5 Nxg3 31. Kxg3 Nf7 32. Ra7 Be5+ 33. Kg2 Ra8 34. Rxa8 Qxa8
35. Nd3 Bxf5 36. exf5 Qxd5+ 37. Bf3 Qd4 38. Nf2 b3 39. Qd1 Qxb2 0-1

[Event "39th Olympiad Khanty-Mansiysk 2010"]
[Site "Khanty-Mansiysk/Russia"]
[Date "2010.09.21"]
[Round "1"]
[White "Basta, Sohair"]
[Black "L'Ami, Alina"]
[Result "0-1"]
[WhiteElo "2030"]
[BlackElo "2339"]
[PlyCount "80"]
[EventDate "2010.??.??"]
[WhiteTeam "Egypt"]
[BlackTeam "ROU"]
[WhiteTeamCountry "EGY"]
[TimeControl "40/5400+30:1800+30"]

1. d4 Nf6 2. Nf3 g6 3. g3 Bg7 4. Bg2 O-O 5. O-O d6 6. c4 c6 7. Nc3 Bf5 8. Nh4
Be6 9. d5 cxd5 10. cxd5 Bd7 11. h3 Na6 12. Be3 Qa5 13. a3 Nc7 14. b4 Qa6 15. a4
b5 16. a5 Qb7 17. Bd4 Na6 18. Qb3 Rac8 19. Rac1 Rc4 20. Bxf6 Bxf6 21. Ne4 Bg7
22. Rxc4 bxc4 23. Qxc4 Bb5 24. Qb3 Rc8 25. Rb1 Bxe2 26. Bf1 Bxf1 27. Kxf1 Qb5+
28. Kg2 Rc4 29. Qd3 Nxb4 30. Qe2 Qxd5 31. Nf3 Qxe4 32. Qxe4 Rxe4 33. Nd2 Rd4
34. Nf3 Rc4 35. Nd2 Rc2 36. Nf3 Rb2 37. Rc1 Rxf2+ 38. Kxf2 Nd3+ 39. Ke3 Nxc1
40. Ke4 Nb3 0-1

[Event "39th Olympiad Khanty-Mansiysk 2010"]
[Site "Khanty-Mansiysk/Russia"]
[Date "2010.09.21"]
[Round "1"]
[White "Da Silva, John"]
[Black "Zagorskis, Darius"]
[Result "0-1"]
[WhiteElo "2027"]
[BlackElo "2497"]
[PlyCount "70"]
[EventDate "2010.??.??"]
[WhiteTeam "Netherlands Antilles"]
[BlackTeam "Lithuania"]
[WhiteTeamCountry "AHO"]
[BlackTeamCountry "LTU"]
[TimeControl "40/5400+30:1800+30"]

1. e4 c5 2. Nf3 e6 3. d4 cxd4 4. Nxd4 a6 5. a4 Nf6 6. Nc3 Bb4 7. Bd3 Qc7 8. Bd2
Nc6 9. Nxc6 bxc6 10. O-O Qd8 11. Bc1 Qc7 12. Bd2 a5 13. Qe2 d5 14. e5 Nd7 15.
f4 g6 16. h4 h5 17. Qf3 Ba6 18. Bxa6 Rxa6 19. Be3 Nf6 20. Qd1 Qd8 21. Bc1 Qc7
22. Bd2 Ra8 23. Qe2 Nd7 24. Qf3 Ra6 25. Be3 Be7 26. Bf2 Kf8 27. Ne2 Ke8 28. b4
Bxb4 29. Nc3 Qd8 30. Qd1 Qc7 31. Qe2 Ra8 32. Qf3 Ra6 33. Be3 Be7 34. Bf2 Kf8
35. Ne2 Kg7 0-1

[Event "39th Olympiad Khanty-Mansiysk 2010"]
[Site "Khanty-Mansiysk/Russia"]
[Date "2010.09.21"]
[Round "1"]
[White "Lang, Heather"]
[Black "Hoang, Thanh Trang"]
[Result "0-1"]
[WhiteElo "2025"]
[BlackElo "2482"]
[PlyCount "88"]
[EventDate "2010.??.??"]
[WhiteTeam "Scotland"]
[BlackTeam "Hungary"]
[WhiteTeamCountry "SCO"]
[BlackTeamCountry "HUN"]
[TimeControl "40/5400+30:1800+30"]

1. e4 e6 2. d4 d5 3. Nc3 Bb4 4. exd5 exd5 5. Qf3 Nc6 6. Bb5 Nge7 7. Nge2 Bf5 8.
Bd3 Qd7 9. Bf4 O-O-O 10. Bxf5 Qxf5 11. O-O-O g5 12. Be3 f6 13. Qh5 Qg6 14. Qg4+
Kb8 15. h4 h5 16. Qh3 Nf5 17. hxg5 fxg5 18. Rd3 g4 19. Qh2 Bd6 20. Bf4 Bxf4+
21. Nxf4 Qg5 22. Nce2 h4 23. Kb1 Rhe8 24. c3 Re4 25. g3 hxg3 26. fxg3 a6 27.
Rdd1 Ne3 28. Rde1 Qf5 29. Nd3 Rde8 30. Nec1 Na5 31. b3 Nc6 32. Qh5 Qf3 33. Ne5
R4xe5 34. dxe5 Qe4+ 35. Kb2 Qc2+ 36. Ka3 Rxe5 37. Qh8+ Ka7 38. Ne2 Qd2 39. Nd4
Nxd4 40. Qxe5 Nec2+ 41. Kb2 Nb4+ 42. Ka3 Ndc2+ 43. Ka4 b5+ 44. Ka5 Nc6# 0-1

[Event "39th Olympiad Khanty-Mansiysk 2010"]
[Site "Khanty-Mansiysk/Russia"]
[Date "2010.09.21"]
[Round "1"]
[White "Wahiduddin, Nurul Huda"]
[Black "Kochetkova, Julia"]
[Result "0-1"]
[WhiteElo "2020"]
[BlackElo "2327"]
[PlyCount "56"]
[EventDate "2010.??.??"]
[WhiteTeam "Malaysia"]
[BlackTeam "Slovakia"]
[WhiteTeamCountry "MAS"]
[BlackTeamCountry "SVK"]
[TimeControl "40/5400+30:1800+30"]

1. e4 d6 2. d4 Nf6 3. Nc3 e5 4. Nf3 Nbd7 5. Be2 Be7 6. O-O O-O 7. h3 a6 8. a4
b6 9. Bd3 Bb7 10. Re1 Re8 11. Bg5 h6 12. Bh4 Nh5 13. Bxe7 Qxe7 14. Bc4 Nf4 15.
Qd2 Qf6 16. Kh2 exd4 17. Qxd4 Ne5 18. Nxe5 Rxe5 19. f3 Nxg2 20. Rg1 Nf4 21. Qf2
d5 22. exd5 Nxd5 23. Bxd5 Bxd5 24. Nxd5 Rxd5 25. c3 Rad8 26. Rg2 Rd2 27. Qg3
Rxg2+ 28. Qxg2 Qf4+ 0-1

[Event "39th Olympiad Khanty-Mansiysk 2010"]
[Site "Khanty-Mansiysk/Russia"]
[Date "2010.09.21"]
[Round "1"]
[White "Sabure, Tuduetso"]
[Black "Lanchava, Tea"]
[Result "0-1"]
[WhiteElo "2019"]
[BlackElo "2342"]
[PlyCount "90"]
[EventDate "2010.??.??"]
[WhiteTeam "Botswana"]
[BlackTeam "Netherlands"]
[WhiteTeamCountry "BOT"]
[BlackTeamCountry "NED"]
[TimeControl "40/5400+30:1800+30"]

1. e4 c6 2. Nf3 g6 3. d4 Bg7 4. Nc3 d6 5. h3 Nf6 6. Bc4 b5 7. Bd3 O-O 8. O-O
Nbd7 9. Re1 e5 10. d5 cxd5 11. Bxb5 d4 12. Bc6 Rb8 13. Nd5 Nxd5 14. Bxd5 Nb6
15. Bb3 Qc7 16. Qd3 Kh8 17. Nd2 Bb7 18. a4 a5 19. Qb5 Ra8 20. Nc4 Nc8 21. Na3
Ba6 22. Qd5 Ne7 23. Nb5 Nxd5 24. Nxc7 Nxc7 25. Bd2 Bb7 26. c3 d5 27. cxd4 dxe4
28. dxe5 Bxe5 29. Bh6 Bg7 30. Bxg7+ Kxg7 31. Rac1 Na6 32. Re3 Rac8 33. Rec3 Nb4
34. Rc7 Na6 35. R7c3 Rxc3 36. Rxc3 Rc8 37. Rxc8 Bxc8 38. Bd5 Nc5 39. Kf1 Be6
40. Bxe6 fxe6 41. Ke2 Nxa4 42. b3 Nc5 43. Ke3 Nxb3 44. Kxe4 a4 45. Kd3 a3 0-1

[Event "39th Olympiad Khanty-Mansiysk 2010"]
[Site "Khanty-Mansiysk/Russia"]
[Date "2010.09.21"]
[Round "1"]
[White "Greenidge, Nathali"]
[Black "Cori, T  Deysi"]
[Result "0-1"]
[WhiteElo "2016"]
[BlackElo "2368"]
[PlyCount "64"]
[EventDate "2010.??.??"]
[WhiteTeam "Barbados"]
[BlackTeam "Peru"]
[WhiteTeamCountry "BAR"]
[BlackTeamCountry "PER"]
[TimeControl "40/5400+30:1800+30"]

1. e4 e6 2. d3 d5 3. Nd2 Nf6 4. Ngf3 b6 5. g3 Ba6 6. Bg2 Be7 7. e5 Nfd7 8. O-O
c5 9. Re1 Nc6 10. Nf1 Qc7 11. Bf4 O-O-O 12. c3 h6 13. h4 Rdg8 14. Qd2 g5 15.
hxg5 hxg5 16. Nxg5 Bxg5 17. Bxg5 Bxd3 18. Qxd3 Rxg5 19. f4 Rg7 20. Qa6+ Kb8 21.
Qb5 Ne7 22. a4 c4 23. a5 Qc5+ 24. Qxc5 Nxc5 25. axb6 axb6 26. b3 Nxb3 27. Ra2
Nf5 28. Nd2 Nxd2 29. Rxd2 Rxg3 30. Rb1 Kc7 31. Ra2 Ne3 32. Rbb2 Rhg8 0-1

[Event "39th Olympiad Khanty-Mansiysk 2010"]
[Site "Khanty-Mansiysk/Russia"]
[Date "2010.09.21"]
[Round "1"]
[White "Segarra, Choe Tammy"]
[Black "Dembo, Yelena"]
[Result "0-1"]
[WhiteElo "2014"]
[BlackElo "2452"]
[PlyCount "76"]
[EventDate "2010.??.??"]
[WhiteTeam "Puerto Rico"]
[BlackTeam "Greece"]
[WhiteTeamCountry "PUR"]
[BlackTeamCountry "GRE"]
[TimeControl "40/5400+30:1800+30"]

1. d4 Nf6 2. c4 g6 3. Nc3 Bg7 4. e4 d6 5. Nf3 O-O 6. Be2 Nbd7 7. O-O e5 8. d5
Nh5 9. Ne1 Nf4 10. Be3 Nxe2+ 11. Qxe2 f5 12. f3 f4 13. Bf2 g5 14. Nd3 Nf6 15.
c5 g4 16. Bh4 Qe8 17. Bxf6 gxf3 18. Qxf3 Rxf6 19. cxd6 cxd6 20. Rac1 Rg6 21.
Nf2 Bf6 22. Ne2 h5 23. h3 Rg7 24. Rc3 Bd8 25. Rfc1 Bd7 26. Kh2 h4 27. R1c2 Ba5
28. b4 Bxb4 29. Rc7 Bc5 30. Ng4 Bxg4 31. Rxg7+ Kxg7 32. Qxg4+ Qg6 33. Qxh4 Kf7
34. Nxf4 exf4 35. Qxf4+ Kg7 36. Rc1 Rf8 37. Qh4 Rf7 38. e5 Bf2 0-1

[Event "39th Olympiad Khanty-Mansiysk 2010"]
[Site "Khanty-Mansiysk/Russia"]
[Date "2010.09.21"]
[Round "1"]
[White "Blagojevic, Lidija"]
[Black "Benson, Nicola"]
[Result "1-0"]
[WhiteElo "2013"]
[BlackElo "1407"]
[PlyCount "75"]
[EventDate "2010.??.??"]
[WhiteTeam "MNE"]
[BlackTeam "Ireland"]
[BlackTeamCountry "IRL"]
[TimeControl "40/5400+30:1800+30"]

1. e4 d5 2. exd5 Nf6 3. d4 Nxd5 4. c4 Nb6 5. Nc3 g6 6. h3 Bg7 7. Nf3 O-O 8. Be2
Nc6 9. Be3 Re8 10. O-O e5 11. d5 Ne7 12. Re1 Nf5 13. Bg5 f6 14. Bd2 e4 15. Nh2
Nd4 16. Bf1 f5 17. Be3 c5 18. dxc6 Nxc6 19. Qc1 Be6 20. Rd1 Qf6 21. Bg5 Qf7 22.
Nb5 Rac8 23. Nd6 Qc7 24. Nxe8 Rxe8 25. Bf4 Ne5 26. b3 Nbd7 27. Rb1 Qc6 28. Be2
Nc5 29. Qe3 b6 30. Rd2 Re7 31. Bg5 Rd7 32. Rbd1 Ncd3 33. Bxd3 Nxd3 34. Rxd3
Rxd3 35. Rxd3 exd3 36. Qxd3 Qe4 37. Qd8+ Bf8 38. Bh6 1-0